 Dungeon Crawl Stone Soup version 0.26-a0-540-g8a0c9464d7 (webtiles) character file.

Game seed: 16755985711710069518

1899 kae the Frost Mage (level 9, 0/57 HPs)
             Began as a Merfolk Ice Elementalist on Aug 20, 2020.
             Slain by a phantom (5 damage)
             ... on level 6 of the Dungeon.
             The game lasted 00:09:02 (6191 turns).

kae the Frost Mage (Merfolk Ice Elementalist)       Turns: 6191, Time: 00:09:03

Health: 0/57       AC:  4    Str: 10 (11) XL:     9   Next: 15%
Magic:  0/18       EV: 13    Int: 19 (20) God:
Gold:   292        SH:  0    Dex: 14 (15) Spells: 9/20 levels left

rFire    . . .     SeeInvis .   i - +0 whip
rCold    . . .     Faith    .   (no shield)
rNeg     . . .     Spirit   +   a - +1 robe
rPois    .         Reflect  .   (no helmet)
rElec    .         Harm     .   f - +0 cloak
rCorr    .                      (no gloves)
MR       .....                  (no boots)
Stlth    ++........             g - amulet of guardian spirit
HPRegen  0.19/turn              k - +6 ring of intelligence
MPRegen  0.16/turn              (no ring)

@: no status effects
A: change form in water, swift swim, stealthy swim
a: no special abilities


You were on level 6 of the Dungeon.
You visited 1 branch of the dungeon, and saw 6 of its levels.

You collected 292 gold pieces.

Inventory:

Hand Weapons
 c - a +0 short sword
 i - a +0 whip (weapon)
Missiles
 b - 22 stones (quivered)
Armour
 a - a +1 robe (worn)
 f - a +0 cloak (worn)
Jewellery
 g - an amulet of guardian spirit (around neck)
 k - a +6 ring of intelligence (left hand)
Scrolls
 e - 6 scrolls of teleportation
 v - a scroll of amnesia
 w - a scroll of remove curse
Potions
 d - 2 potions of heal wounds
 j - a potion of might
 l - 3 potions of resistance
 n - a potion of brilliance
 p - a potion of curing
 q - a potion of invisibility {unknown}
 u - a potion of stabbing {unknown}


   Skills:
 - Level 2.6 Dodging
 - Level 2.1 Stealth
 + Level 6.4 Spellcasting
 - Level 11.1 Ice Magic


You had 9 spell levels left.
You knew the following spells:

 Your Spells              Type           Power        Failure   Level
a - Freeze                Ice            ####         1%          1
b - Frozen Ramparts       Ice            #####.       1%          3
c - Ozocubu's Armour      Ice            #####...     1%          3
d - Hailstorm             Conj/Ice       ####....     11%         4

Your spell library contained the following spells:

 Spells                   Type           Power        Failure   Level
 Summon Ice Beast         Ice/Summ       ####....     11%         4


Dungeon Overview and Level Annotations

Branches:
Dungeon (6/15)
 Temple: D:4-7

Altars:
Makhleb
Wu Jian

Annotations:
D:4 Menkaure
D:5 exclusion: quasit


Message History

The phantom is heavily damaged.
The phantom misses you.
You hit the phantom.
The phantom is heavily damaged.
The phantom hits you but does no damage.
You closely miss the phantom.
The phantom is heavily damaged.
The phantom closely misses you.
You barely miss the phantom.
The phantom is heavily damaged.
The phantom hits you.
* * * LOW HITPOINT WARNING * * *
You hit the phantom but do no damage.
The phantom is heavily damaged.
The phantom hits you but does no damage.
The phantom barely misses you.
You hit the phantom.
The phantom is severely damaged.
The phantom hits you.
You die...

.. .. .# ##.#
#########..####.
#...............
#.......<...###.#
#.......W........
#........@.......
#####.#)))##.....
##...>.#.##.....
##.$[##..........
#$$...##.###....
#...#........... #.#
#.######.###......###
.#.. #)# ##.# .. ...#
.### #######..####
#..##.#


You could see a phantom.

Vanquished Creatures
  6 yaks (D:5)
  A sky beast (D:5)
  An ogre (D:6)
  A centaur (D:5)
  A bullfrog (D:5)
  4 scorpions
  2 hounds
  A centaur skeleton (D:6)
  2 orc priests (D:6)
  A bullfrog skeleton (D:4)
  2 iguanas (D:5)
  An orc wizard (D:6)
  3 worker ants
  A worker ant zombie (D:5)
  5 gnolls
  5 adders
  A white imp (D:6)
  An ufetubus (D:5)
  An ooze (D:2)
  An adder skeleton (D:5)
  2 adder zombies (D:6)
  A worm (D:2)
  2 dart slugs
  A leopard gecko (D:2)
  4 orcs
  5 giant cockroaches
  6 goblins
  8 hobgoblins
  5 jackals
  A quokka (D:6)
  2 ball pythons
  12 bats
  4 frilled lizards
  4 kobolds
  A quokka skeleton (D:4)
  9 rats
108 creatures vanquished.

Notes
Turn   | Place    | Note
-------+----------+-------------------------------------------
     0 | D:1      | kae the Merfolk Ice Elementalist began the quest for the
                  | Orb.
     0 | D:1      | Reached XP level 1. HP: 13/13 MP: 3/3
   418 | D:1      | Reached XP level 2. HP: 18/19 MP: 5/5
   512 | D:1      | Reached skill level 5 in Ice Magic
   654 | D:1      | Reached XP level 3. HP: 12/24 MP: 1/6
  1469 | D:2      | Reached XP level 4. HP: 30/30 MP: 5/8
  1474 | D:2      | Learned a level 3 spell: Frozen Ramparts
  2240 | D:3      | Reached skill level 6 in Ice Magic
  2342 | D:3      | Found a burning altar of Makhleb.
  2483 | D:3      | Found a faded altar of an unknown god.
  2962 | D:4      | Reached XP level 5. HP: 8/35 MP: 0/9
  3368 | D:4      | Reached XP level 6. HP: 41/41 MP: 7/11
  3416 | D:4      | Reached skill level 7 in Ice Magic
  3549 | D:4      | Noticed Menkaure
  3769 | D:5      | Entered Level 5 of the Dungeon
  4071 | D:5      | Learned a level 3 spell: Ozocubu's Armour
  4076 | D:5      | Reached XP level 7. HP: 32/46 MP: 5/13
  4178 | D:5      | Reached skill level 8 in Ice Magic
  4301 | D:5      | Noticed a yak
  4301 | D:5      | Noticed a yak
  4301 | D:5      | Noticed a yak
  4301 | D:5      | Noticed a yak
  4301 | D:5      | Noticed a yak
  4301 | D:5      | Noticed a yak
  4309 | D:5      | Killed a yak
  4309 | D:5      | Killed a yak
  4309 | D:5      | Reached skill level 5 in Spellcasting
  4309 | D:5      | Reached skill level 9 in Ice Magic
  4309 | D:5      | Reached XP level 8. HP: 52/52 MP: 9/15
  4321 | D:5      | Killed a yak
  4324 | D:5      | Killed a yak
  4329 | D:5      | Killed a yak
  4329 | D:5      | Reached skill level 10 in Ice Magic
  4633 | D:5      | Killed a yak
  4934 | D:5      | Found an ornate altar of the Wu Jian Council.
  5405 | D:6      | Reached XP level 9. HP: 36/57 MP: 7/18
  5523 | D:6      | Reached skill level 11 in Ice Magic
  6016 | D:6      | Learned a level 4 spell: Hailstorm
  6191 | D:6      | Slain by a phantom

Illustrated notes

Levels and vault maps discovered:
D:1:      lightli_arrival_farm, layout_rooms
D:2:      layout_rooms, minmay_hedge_maze
D:3:      layout_loops_ring, lemuel_doored_altar,
          chequers_ecumenical_altar_simple_redux
D:4:      layout_gridville, minmay_misc_feat_diagonals, uniq_menkaure
D:5:      minmay_bubble_buster, layout_basic, basic_altar
D:6:      layout_rooms, kennysheep_generic_room_12, uniq_blork_the_orc

Skill      XL: |  1  2  3  4  5  6  7  8  9 |
---------------+----------------------------+-----
Ice Magic      | 5 6 7 9 10 11 | 11.1
Spellcasting   | 3 4 5 6 |  6.4
Dodging        | |  2.6
Stealth        | |  2.1

Action                   |  1- 3 |  4- 6 |  7- 9 || total
-------------------------+-------+-------+-------++-------
Melee: Unarmed           |    13 |       |       ||    13
       Short sword       |    49 |    46 |       ||    95
       Tailslap          |     1 |       |       ||     1
       Whip              |       |    13 |    96 ||   109
 Cast: Freeze            |    36 |    63 |    61 ||   160
       Frozen Ramparts   |       |     1 |    12 ||    13
  Use: Scroll            |     3 |     4 |     4 ||    11
       Potion            |       |       |     9 ||     9
 Stab: Sleeping          |     1 |     5 |       ||     6
       Distracted        |       |       |     1 ||     1
Armor: Robe              |    27 |    20 |    28 ||    75
Dodge: Dodged            |    85 |    69 |   113 ||   267

Table legend: (Time is in decaauts)
 A = Elapsed time spent in this place.
 B = Non-inter-level travel time spent in this place.
 C = Inter-level travel time spent in this place.
 D = Time resting spent in this place.
 E = Time spent auto-exploring this place.
 F = Levels seen in this place.
 G = Mean time per level.
                   A        B        C        D        E       F      G
               +--------+--------+--------+--------+--------+-----+--------+
         Total |   6187 |   6033 |    154 |   1830 |   3225 |   6 | 1031.2 |
       Dungeon |   6187 |   6033 |    154 |   1830 |   3225 |   6 | 1031.2 |
               +--------+--------+--------+--------+--------+-----+--------+

Top non-repeatable levels by time:
     D:5: 1913 daAuts
     D:1: 1133 daAuts
     D:4: 1005 daAuts
     D:2: 922 daAuts
     D:3: 694 daAuts
     D:6: 518 daAuts
